 Dungeon Crawl Stone Soup version 0.31.0-11-ge490571c62 (webtiles) character file.

Game seed: 12938625360487188324

37 browni3141 the Trooper (level 3, 0/33 HPs)
             Began as a Minotaur Fighter on Jan 28, 2024.
             Slain by Sigmund
             ... wielding a +0 scythe
              (8 damage)
             ... on level 2 of the Dungeon.
             The game lasted 00:00:21 (562 turns).

browni3141 the Trooper (Minotaur Fighter)            Turns: 562, Time: 00:00:21

Health: 0/33       AC:  7    Str: 22    XL:     3   Next: 21%
Magic:  2/2        EV:  9    Int:  5    God:
Gold:   28         SH:  0    Dex:  9    Spells: 2/2 levels left

rFire   . . .        a - +0 war axe
rCold   . . .        c - +0 buckler
rNeg    . . .        b - +0 scale mail
rPois   .            (helmet restricted)
rElec   .            (no cloak)
rCorr   .            (no gloves)
SInv    .            (no boots)
Will    .....        (no amulet) Stlth
                     (no ring)
HPRegen 0.25/turn    (no ring)
MPRegen 0.08/turn

%: no passive effects
@: confused
A: horns 2, retaliatory headbutt
a: no special abilities


You were on level 2 of the Dungeon.
You visited 1 branch of the dungeon, and saw 2 of its levels.

You collected 28 gold pieces.

Inventory:

Hand Weapons
 a - a +0 war axe (weapon)
Missiles
 j - a throwing net (quivered)
Armour
 b - a +0 scale mail (worn)
 c - a +0 buckler (worn)
Jewellery
 f - a ring of wizardry
Scrolls
 e - 2 scrolls of identify {unknown}
 g - a scroll of torment {unknown}
 h - a scroll of fear {unknown}
 i - a scroll of amnesia {unknown}
Potions
 d - a potion of might


   Skills:
 + Level 4.0 Fighting
 * Level 3.3 Axes
 + Level 4.0 Armour
 + Level 4.0 Shields


You had 2 spell levels left.
You didn't know any spells.
Your spell library was empty.

Dungeon Overview and Level Annotations

Branches:
Dungeon (2/15)

Altars:

Annotations:
D:2 Sigmund


Innate Abilities, Weirdness & Mutations

You have a pair of horns on your head.
You reflexively headbutt those who attack you in melee.


Message History

Done exploring.
No target in view!
You see here a +0 dagger.
There is a stone staircase leading down here.
You climb downwards.
The rat squeaks loudly.
There is a stone staircase leading up here.
Okay, then.
A hobgoblin comes into view.
The rat bites you but does no damage.
You miss the quokka.
The hobgoblin shouts!
You hit the rat.
You kill the rat!
The quokka bites you but does no damage. x2
You miss the quokka. The quokka bites you.
The quokka bites you but does no damage.
You block the quokka's attack.
You hit the quokka but do no damage. Your headbutt misses the quokka.
The quokka bites you but does no damage.
The quokka bites you but does no damage.
The hobgoblin hits you but does no damage.
You slash the hobgoblin!
You kill the hobgoblin!
You slash the quokka!
You kill the quokka!
No target in view!
HP restored.
i - a scroll labelled BOOTENKUHI You open the door.
There is an open door here.
Found a stone staircase leading down.
No target in view!
There is a stone staircase leading down here.
Key pressed, stopping explore.
No target in view!
A bat comes into view.
The bat moves out of view.
No target in view!
A bat and a rat come into view.
The rat squeaks loudly.
You hit the bat.
You kill the bat!
A rat is nearby!
You barely miss the rat. You headbutt the rat.
You kill the rat!
Found a stone staircase leading down.
j - a throwing net Key pressed, stopping explore.
No target in view!
You now have 28 gold pieces (gained 4).
Key pressed, stopping explore.
No target in view!
Key pressed, stopping explore.
No target in view!
No target in view!
Sigmund the Dreaded comes into view.
He is wielding a +0 scythe and carrying a wand of flame.
Sigmund shouts!
Sigmund zaps a wand.
The puff of flame hits you.
Sigmund gestures wildly while chanting.
Sigmund flickers and vanishes!
Deactivating autopickup; reactivate with Ctrl-A.
There is a strange disturbance nearby!
No target in view!
There is a strange disturbance nearby!
There is a strange disturbance nearby!
No target in view!
A magic dart appears from out of thin air!
The magic dart hits you.
No target in view!
There is a strange disturbance nearby!
You hear a zap.
A puff of flame appears from out of thin air!
The puff of flame hits you but does no damage.
You hear a zap.
A puff of flame appears from out of thin air!
You block the puff of flame.
No target in view!
Something hits you but does no damage.
No target in view!
No target in view!
You barely miss something. Something hits you.
No target in view!
You closely miss something. Your headbutt misses something. Something hits you.
No target in view!
You barely miss something. Your headbutt misses something. Something hits you.
No target in view!
You barely miss something. Your headbutt misses something. Something hits you.
You slash something! Something hits you but does no damage.
You miss something.
You hear some strange, mumbled words.
You are confused.
You bump into the rock wall.
You hear some strange, mumbled words.
A puff of flame appears from out of thin air!
The puff of flame hits you!
You're too confused to move!
Something hits you but does no damage.
You bump into the rock wall.
You miss something. Your headbutt misses something. Something hits you!
You die...

....###.#
....###.### .#
..........# .#
#+###.....# .# #
#.###.# .# # #.#
#.# .# # #.# #.# .#
# #.# #.#######.#
#####.# #.......@{#
....#.##.##########
###.#.##. # #...##.
# #.###.. # #.# $.
# #.# #.. . ... ...
# ###


There were no monsters in sight!

Vanquished Creatures
  A ball python (D:1)
  6 bats
  2 endoplasms (D:1)
  3 giant cockroaches (D:1)
  4 goblins (D:1)
  5 hobgoblins
  A kobold (D:1)
  3 quokkas
  3 frilled lizards (D:1)
  5 rats
33 creatures vanquished.

Notes
Turn   | Place    | Note
-------+----------+-------------------------------------------
     0 | D:1      | browni3141 the Minotaur Fighter began the quest for the
                  | Orb.
     0 | D:1      | Reached XP level 1. HP: 19/19 MP: 0/0
    33 | D:1      | Reached XP level 2. HP: 27/27 MP: 1/1
   175 | D:1      | Reached XP level 3. HP: 33/33 MP: 2/2
   546 | D:2      | Noticed Sigmund
   562 | D:2      | Slain by Sigmund

Illustrated notes

Levels and vault maps discovered:
D:1:      scummos_arrival_simple_crosswalls, layout_rooms, hex_medium
D:2:      layout_basic, uniq_natasha, uniq_sigmund

Skill      XL: |  1  2  3 |
---------------+----------+-----
Axes           | 3 |  3.3
Fighting       | 4 |  4.0
Armour         | 4 |  4.0
Shields        | 4 |  4.0

Action                     || total
---------------------------++-------
  Melee: War axe           ||    56
         Headbutt          ||     3
 Armour: Scale mail        ||    52
  Dodge: Dodged            ||    19
  Block: Buckler           ||    12
